 Dungeon Crawl Stone Soup version 0.16-a0-395-g6404e95 (console) character file.

51 gw the Digger (level 4, -1/30 HPs)
             Began as a Formicid Earth Elementalist on Sept 14, 2014.
             Slain by gw's ghost (3 damage)
             ... on Level 3 of the Dungeon.
             The game lasted 00:01:32 (2905 turns).

gw the Digger (Formicid Earth Elementalist)         Turns: 2905, Time: 00:01:32

HP  -1/30        AC  5     Str 12      XL: 4   Next:  5%
MP   0/9         EV 11     Int 16      God:
Gold 528         SH  0     Dex 11      Spells:  3 memorised,  2 levels left

rFire  . . .     SeeInvis +     b - +3 club
rCold  . . .     Clarity  .     j - +0 leather armour
rNeg   . . .     rCorr    .     (no shield)
rPois  .         rRot     .     (helmet unavailable)
rElec  .         Spirit   .     (no cloak)
SustAb .         Warding  .     (no gloves)
rMut   .         Stasis   +     (no boots)
Gourm  .                        (no amulet)
MR     .....                    (no ring)
                                (no ring)

@: stone skin, very slightly contaminated, not resistant to hostile
enchantments, unstealthy
A: permanent stasis, dig shafts and tunnels, four strong arms, antennae 3
a: Dig, Shaft Self


You were on level 3 of the Dungeon.
You were not hungry.

You visited 1 branch of the dungeon, and saw 3 of its levels.

You collected 528 gold pieces.

Inventory:

Hand weapons
 b - a +3 club (weapon)
Missiles
 c - 25 poisoned needles
 e - 107 stones (quivered)
Armour
 j - a +0 leather armour (worn)
Comestibles
 f - 2 beef jerkies
 h - 2 royal jellies
 l - 2 fruits
 p - a slice of pizza
Scrolls
 a - a scroll of recharging {unknown}
 n - a scroll of remove curse
Books
 d - a book of Geomancy

   Spells                             Type                      Level
   *Sandblast                         Earth                        1
   *Stoneskin                         Transmutation/Earth          2
   Passwall                           Transmutation/Earth          3
   *Stone Arrow                       Conjuration/Earth            3
   Petrify                            Transmutation/Earth          4
   Lee's Rapid Deconstruction         Earth                        5


   Skills:
 + Level 0.2 Fighting
 + Level 1.2 Maces & Flails
 + Level 1.5 Armour
 - Level 1.7 Dodging
 - Level 2.4 Stealth
 * Level 2.9 Spellcasting
 - Level 1.1 Transmutations
 + Level 4.1 Earth Magic


You had 2 spell levels left.
You knew the following spells:

 Your Spells              Type           Power        Failure   Level  Hunger
a - Sandblast             Erth           ###...       4%          1    #......
b - Stoneskin             Trmt/Erth      ##......     12%         2    ##.....
c - Stone Arrow           Conj/Erth      #.....       28%         3    ###....


Dungeon Overview and Level Annotations

Branches:
Dungeon (3/15)

Altars:
Gozag

Annotations:
D:3 gw's ghost, average CeGl


Innate Abilities, Weirdness & Mutations

Your are under a permanent stasis effect.
You can dig through walls and to a lower floor.
Your four strong arms can wield two-handed weapons with a shield.
You have a pair of large antennae on your head (SInv).


Message History

Confirm with . or Enter, or press ? or * to list all spells.
Aiming: Sandblast
Press: ? - help, Shift-Dir - straight line, f/p - gw's ghost
Aim: gw's ghost The blast of sand hits gw's ghost.
Gw's ghost is lightly damaged.
Gw's ghost barely misses you.
ATTACKING (-1,-1)
You hit gw's ghost.
Gw's ghost is lightly damaged.
Gw's ghost hits you but does no damage.
ATTACKING (-1,-1)
You hit gw's ghost.
Gw's ghost is moderately damaged.
Gw's ghost closely misses you. Gw's ghost barely misses you.
ATTACKING (-1,-1)
You closely miss gw's ghost.
Gw's ghost is moderately damaged.
Gw's ghost hits you. x2
You die...

..........#
...........#
##..........####
.................
...............# #.
...............###(.(.
.................(W(#
............##.W#####
.........######.a.#
#........# ###.#
#........# .#
#........# .#
....%....# ..
.###.#.### .. #.#.#
... ##...####... ...
##......|..# .


You could see gw's ghost.

Table legend:
 A = Turns spent in this place as a percentage of turns spent in the entire game.
 B = Non-inter-level travel turns spent in this place as a percentage of non-inter-level travel turns spent in the entire game.
 C = Inter-level travel turns spent in this place as a percentage of turns spent in this place.
 D = Turns resting spent in this place as a percentage of non-inter-level travel turns spent in this place.
 E = Turns spent auto-exploring this place as a percentage of non-inter-level travel turns spent in this place.
 F = Non-inter-level travel turns spent in this place divided by the number of levels of this place that you've seen.
                   A       B       C       D       E      F
               +-------+-------+-------+-------+-------+----------------------
         Total | 100.0 | 100.0 |   1.0 |   8.1 |  12.6 | 294.7
       Dungeon | 100.0 | 100.0 |   1.0 |   8.1 |  12.6 | 294.7
               +-------+-------+-------+-------+-------+----------------------

Table legend:
 A = Kills in this place as a percentage of kills in entire the game.
 B = Kills by you in this place as a percentage of kills by you in the entire game.
 C = Kills by friends in this place as a percentage of kills by friends in the entire game.
 D = Other kills in this place as a percentage of other kills in the entire game.
 E = Experience gained in this place as a percentage of experience gained in the entire game.
 F = Experience gained in this place divided by the number of levels of this place that you have seen.
                   A       B       C       D       E      F
               +-------+-------+-------+-------+-------+----------------------
         Total | 100.0 | 100.0 |  -nan |  -nan | 100.0 |  24.3
       Dungeon | 100.0 | 100.0 |  -nan |  -nan | 100.0 |  24.3
               +-------+-------+-------+-------+-------+----------------------

Vanquished Creatures
  2 adders
  2 giant geckos
  A giant cockroach (D:3)
  2 goblins (D:1)
  8 hobgoblins
  4 kobolds
  A quokka (D:2)
  5 bats
  A giant newt (D:2)
  4 rats
30 creatures vanquished.

Notes
Turn   | Place    | Note
--------------------------------------------------------------
     0 | D:1      | gw, the Formicid Earth Elementalist, began the quest for the Orb.
     0 | D:1      | Reached XP level 1. HP: 13/13 MP: 3/3
   338 | D:1      | Reached XP level 2. HP: 19/19 MP: 4/6
   356 | D:1      | Learned a level 2 spell: Stoneskin
  1085 | D:1      | Reached skill level 1 in Maces & Flails
  1435 | D:2      | Reached XP level 3. HP: 24/24 MP: 7/7
  1440 | D:2      | Learned a level 3 spell: Stone Arrow
  1475 | D:2      | Found an opulent altar of Gozag.
  1954 | D:2      | Reached skill level 1 in Armour
  1954 | D:2      | Reached skill level 4 in Earth Magic
  2675 | D:3      | Reached XP level 4. HP: 18/30 MP: 0/9
  2883 | D:3      | Noticed gw's ghost (average CeGl)
  2905 | D:3      | Slain by gw's ghost

Action                   |  1- 3 |  4- 6 || total
-------------------------+-------+-------++-------
Melee: Club              |    18 |    11 ||    29
Throw: Stone             |    78 |     4 ||    82
 Cast: Sandblast         |    44 |     4 ||    48
       Stoneskin         |     6 |     3 ||     9
  Use: Scroll            |     8 |       ||     8
       Potion            |     5 |     1 ||     6
  Eat: Chunk             |     3 |       ||     3
       Bread ration      |     1 |       ||     1

Vault maps used:
D:1:      dpeg_arrival_houses_and_road
D:2:      wad_crossroads, lemuel_round_altar, baited_tele_trap
D:3:      nicolae_overflow_hidden_temple, first_bread, serial_bayou_pond_a,
          grunt_dithmenos_smoke, uniq_crazy_yiuf_cottage, uniq_terence
